 Dungeon Crawl Stone Soup version 0.15.1-4-gac8487e (webtiles) character file.

1876 Johnny the Chiller (level 8, 0/56 HPs)
             Began as a Demigod Ice Elementalist on Oct 15, 2014.
             Succumbed to a reaper's poison
             ... on Level 1 of the Abyss.
             The game lasted 00:28:57 (8167 turns).

Johnny the Chiller (Demigod Ice Elementalist)       Turns: 8167, Time: 00:28:57

HP   0/56        AC 12     Str 12      XL: 8   Next: 60%
MP   1/21        EV  9     Int 21      God:
Gold 430         SH  0     Dex 14 (15) Spells:  3 memorised,  7 levels left

rFire  . . .     SeeInvis .     O - +2 flail (protect)
rCold  + . .     Clarity  .     H - +0 ring mail
rNeg   . . .     rCorr    .     (no shield)
rPois  .         rRot     .     (no helmet)
rElec  .         Spirit   +     j - +0 cloak
SustAb .         Warding  .     t - +0 pair of gloves
rMut   .         Rnd*Tele +     (no boots)
Gourm  .                        d - amulet of guardian spirit
MR     .....                    q - ring of wizardry
                                k - ring of protection from cold

@: lethally poisoned, not resistant to hostile enchantments, unstealthy
A: blurry vision 1, clumsy 1, dopey 1, frail 1, teleportitis 1, placid magic 2
a: no special abilities


You were on level 1 of the Abyss.
You were full.

You visited 1 branch of the dungeon, and saw 7 of its levels.
You visited the Abyss 1 time.

You collected 430 gold pieces.

Inventory:

Hand weapons
 f - a +2 falchion of freezing
 m - a +0 short sword of venom
 s - the +6 short sword "Vuyvowed" {speed, rElec}
   (You took it off a gnoll on level 5 of the Dungeon)

   Attacks with this weapon are significantly faster.
   It insulates you from electricity.
 D - a +2 hand axe of freezing
 E - a +4 mace
 I - a +2 whip of draining
 J - a +1 flail of protection
 K - a +1 flail of distortion
 N - a +0 flail of holy wrath
 O - a +2 flail of protection (weapon)
Armour
 j - a +0 cloak (worn)
 t - a +0 pair of gloves (worn)
 u - a +0 leather armour
 A - a +1 scale mail of fire resistance
 H - a +0 ring mail (worn)
Magical devices
 h - a wand of digging (0)
 x - a wand of slowing (3)
 y - a wand of draining (8)
 z - a wand of fireball (4)
 G - a wand of confusion (8)
 Q - a wand of fire (6)
Comestibles
 c - 7 bread rations
Scrolls
 g - 6 scrolls of remove curse
 i - a scroll of enchant weapon
 n - a scroll of magic mapping
 w - a scroll of fear
 B - 4 scrolls of amnesia
 C - a scroll of fog
Jewellery
 d - an amulet of guardian spirit (around neck)
 k - a ring of protection from cold (left hand)
 o - an uncursed ring of positive energy {unknown}
 q - a ring of wizardry (right hand)
Potions
 e - 2 potions of curing
 l - 2 potions of heal wounds
 p - 2 potions of degeneration {unknown}
 F - a potion of confusion {unknown}
 L - 2 potions of brilliance
 R - a potion of berserk rage
 S - a potion of magic {unknown}
Books
 b - a book of Frost

   Spells                             Type                      Level
   *Freeze                            Ice                          1
   Throw Frost                        Conjuration/Ice              2
   Ozocubu's Armour                   Charms/Ice                   3
   *Throw Icicle                      Conjuration/Ice              4
   *Summon Ice Beast                  Ice/Summoning                4
   Condensation Shield                Ice                          4
 P - a book of Spatial Translocations

   Spells                             Type                      Level
   Apportation                        Translocation                1
   Blink                              Translocation                2
   Shroud of Golubria                 Charms/Translocation         2
   Portal Projectile                  Translocation                3
   Teleport Other                     Translocation                3
   Passage of Golubria                Translocation                4
Miscellaneous
 r - a fan of gales


   Skills:
 * Level 3.3 Fighting
 + Level 2.8 Armour
 + Level 3.3 Dodging
 + Level 3.7 Stealth
 * Level 4.6 Spellcasting
 * Level 2.4 Conjurations
 * Level 3.6 Summonings
 * Level 5.1 Ice Magic
 + Level 2.8 Evocations


You had 7 spell levels left.
You knew the following spells:

 Your Spells              Type           Power        Failure   Level  Hunger
a - Freeze                Ice            ##..         1%          1    None
b - Summon Ice Beast      Ice/Summ       ##......     3%          4    ####...
d - Throw Icicle          Conj/Ice       ##......     5%          4    ####...


Dungeon Overview and Level Annotations

Branches:
Dungeon (7/15)             Temple (0/1) D:5


Innate Abilities, Weirdness & Mutations

[Your vision is a little blurry.]
[You are clumsy. (Dex -2)]
[You are dopey. (Int -2)]
[You are frail (-10% HP).]
[Space occasionally distorts in your vicinity.]
[Your spells are easier to cast, but less powerful.]


Message History

The small abomination is heavily damaged.
The small abomination hits you. The small abomination hits you!
* * * LOW HITPOINT WARNING * * *
Drink which item? (? for menu, Esc to quit)
You feel much better.
The small abomination closely misses you.
Tentacles burst from the starspawn's body!
A reaper comes into view. It is wielding a runed scythe.
The reaper moves out of view.
The starspawn tentacle grabs you. The starspawn tentacle constricts you.
The starspawn tentacle loses its grip on you.
The reaper hits you from afar with a runed scythe!!
* * * LOW HITPOINT WARNING * * *
You are lethally poisoned!
Unknown command.
* * * LOW HITPOINT WARNING * * *
You feel sick.
You hit the reaper but do no damage.
You die...

#.## #... #..### ....
##### .## ## ##... .*.#
# ...... ###X# # .
#.#.##..####.###.#.....
###.X#....x@2....# #
...X.##.###....... #
#...###.# ##.## #.#
.#X. ...## #..
....##### # # .#### ##
# ##.. # # .....##


You could see a starcursed mass, a reaper and a small abomination.

Vanquished Creatures
  Grinder (D:6)
  A blink frog (Abyss:1)
  A centaur (D:7)
  A gnoll sergeant (D:5)
  A crimson imp (D:4)
  A hound (D:7)
  A jelly (D:6)
  2 gnoll shamans (D:5)
  2 iguanas
  2 orc wizards
  4 worker ants
  20 gnolls
  4 green rats
  9 adders
  A giant mite (D:2)
  5 worms
  An ooze (D:3)
  4 giant geckos
  11 orcs
  2 ball pythons (D:3)
  7 bats
  A bat zombie (D:5)
  4 giant cockroaches
  12 hobgoblins
  8 jackals
  2 quokkas
  4 giant newts
  9 goblins
  14 kobolds
  A kobold skeleton (D:5)
  6 rats
  3 plants (D:4)
145 creatures vanquished.

Vanquished Creatures (collateral kills)
  Prince Ribbit (D:5)
  An orc warrior (D:6)
  A phantom (D:5)
  Duvessa (D:6)
  A crimson imp (D:5)
  Dowan (D:6)
  2 orc priests
  A starcursed mass (Abyss:1)
  2 gnoll shamans (D:5)
  A giant frog skeleton (D:6)
  A hound (D:5)
  5 orc wizards (D:5)
  A worker ant (D:5)
  Ijyb (D:7)
  An adder (D:5)
  24 gnolls
  A green rat (D:4)
  A giant gecko (D:5)
  12 orcs
  A hobgoblin (D:5)
  14 jackals
  A kobold (D:7)
  A giant newt (D:6)
  A plant (D:4)
77 creatures vanquished.

Vanquished Creatures (others)
  12 ice beasts
  2 plants (D:4)
  3 starspawn tentacles (Abyss:1)
  20 starspawn tentacle segments (Abyss:1)
37 creatures vanquished.

Grand Total: 259 creatures vanquished

Notes
Turn   | Place    | Note
--------------------------------------------------------------
     0 | D:1      | Johnny, the Demigod Ice Elementalist, began the quest for the Orb.
     0 | D:1      | Reached XP level 1. HP: 14/14 MP: 3/3
   335 | D:1      | Reached XP level 2. HP: 22/22 MP: 1/5
   723 | D:1      | Reached skill level 1 in Fighting
   894 | D:2      | Reached skill level 3 in Ice Magic
  1077 | D:2      | Reached XP level 3. HP: 21/28 MP: 4/8
  1476 | D:2      | Found a snail-covered altar of Cheibriados.
  1770 | D:2      | Reached XP level 4. HP: 35/35 MP: 11/11
  1787 | D:2      | Learned a level 4 spell: Summon Ice Beast
  2192 | D:3      | Reached skill level 1 in Armour
  2563 | D:3      | Reached XP level 5. HP: 30/40 MP: 9/12
  2754 | D:3      | Reached skill level 1 in Summonings
  2902 | D:4      | Reached skill level 1 in Evocations
  3046 | D:4      | Found a glowing golden altar of the Shining One.
  3566 | D:4      | Reached XP level 6. HP: 45/48 MP: 12/16
  4306 | D:4      | Learned a level 4 spell: Throw Icicle
  4390 | D:5      | Entered Level 5 of the Dungeon
  4416 | D:5      | Found a staircase to the Ecumenical Temple.
  4666 | D:5      | Reached skill level 4 in Ice Magic
  5222 | D:5      | Reached XP level 7. HP: 50/55 MP: 10/19
  5439 | D:5      | Noticed Prince Ribbit
  5454 | D:5      | Killed Prince Ribbit
  5517 | D:5      | Reached skill level 1 in Conjurations
  5792 | D:5      | Got an ichor-stained short sword
  6077 | D:5      | Identified the +6 short sword "Vuyvowed" {speed, rElec} (You took it off a gnoll on level 5 of the Dungeon)
  6337 | D:5      | Reached XP level 8. HP: 37/63 MP: 11/21
  6500 | D:6      | Noticed Grinder
  6543 | D:6      | Killed Grinder
  6572 | D:6      | Found a sparkling altar of Nemelex Xobeh.
  6579 | D:6      | Found a deep blue altar of Sif Muna.
  6781 | D:6      | Noticed Dowan
  6792 | D:6      | Killed Dowan
  6793 | D:6      | Noticed Duvessa
  6796 | D:6      | Killed Duvessa
  7284 | D:7      | Reached skill level 5 in Ice Magic
  7331 | D:7      | Noticed Ijyb
  7337 | D:7      | Killed Ijyb
  7380 | D:7      | Cast into the Abyss (a distortion unwield)
  7382 | Abyss:1  | Found a corrupted altar of Lugonu.
  7402 | Abyss:1  | Noticed a fire giant skeleton
  7532 | Abyss:1  | Found an ancient bone altar of Kikubaaqudgha.
  7544 | Abyss:1  | Noticed a hellwing
  7562 | Abyss:1  | Noticed a smoke demon
  7583 | Abyss:1  | Found a basalt altar of Yredelemnul.
  7588 | Abyss:1  | Noticed a starcursed mass
  7592 | Abyss:1  | Noticed a bone dragon
  7625 | Abyss:1  | Noticed a large abomination
  7680 | Abyss:1  | Noticed a large abomination
  7713 | Abyss:1  | Noticed a wretched star
  7777 | Abyss:1  | Noticed a tentacled starspawn
  7778 | Abyss:1  | Noticed a bone dragon
  7958 | Abyss:1  | Noticed a large abomination
  7968 | Abyss:1  | Noticed an apocalypse crab
  8128 | Abyss:1  | Noticed a starcursed mass
  8145 | Abyss:1  | Killed a starcursed mass
  8152 | Abyss:1  | Noticed a tentacled starspawn
  8155 | Abyss:1  | Noticed a large abomination
  8164 | Abyss:1  | Noticed a reaper
  8166 | Abyss:1  | HP: 2/56 [poisoned by a reaper]
  8167 | Abyss:1  | Succumbed to a reaper's poison

Action                   |  1- 3 |  4- 6 |  7- 9 || total
-------------------------+-------+-------+-------++-------
Melee: Unarmed           |     6 |       |       ||     6
       Short sword       |    47 |   374 |   104 ||   525
       Falchion          |       |    18 |    63 ||    81
       Flail             |       |       |     6 ||     6
 Cast: Freeze            |    65 |    74 |     7 ||   146
       Summon Ice Beast  |       |    19 |    46 ||    65
       Throw Icicle      |       |       |     2 ||     2
Evoke: Wand              |     4 |     6 |    18 ||    28
  Use: Scroll            |     4 |     4 |    10 ||    18
       Potion            |       |     1 |     5 ||     6
 Stab: Sleeping          |     1 |     4 |     1 ||     6
  Eat: Chunk             |     3 |    10 |    14 ||    27
       Beef jerky        |       |     2 |       ||     2
       Royal jelly       |       |     1 |       ||     1
       Meat ration       |       |       |     2 ||     2
